 Dungeon Crawl Stone Soup version 0.32-a0 (webtiles) character file.

Game seed: 16814688065410079174

8262 blake the Blocker (level 11, -2/82 HPs)
             Began as a Djinni Conjurer on Jan 12, 2024.
             Was a Priest of Elyvilon.
             Slain by a troll (5 damage)
             ... on level 11 of the Dungeon on Jan 13, 2024.
             The game lasted 00:37:49 (9209 turns).

blake the Blocker (Djinni Conjurer)                 Turns: 9209, Time: 00:37:49

Health: -2/82      AC:  6    Str:  6    XL:     11   Next: 52%
Gold:   47         EV:  6    Int: 24    God:    Elyvilon [***...] SH: 20 Dex: 12

rFire   + + .        (no weapon)
rCold   . . .        u - +4 tower shield of Elyvilon's Scorn {Rampage rC+ Will+}
rNeg    . . .        G - +1 ring mail "Feuggu Omosm" {rElec rPois}
rPois   ∞            (no helmet)
rElec   +            H - scarf {+Inv}
rCorr   .            (no gloves)
SInv    .            (boots unavailable)
Will    ++...        (no amulet)
Stlth   +            k - ring of wizardry
HPRegen 0.33/turn    (no ring)
MPRegen 0.00/turn

%: rampage, wizardry (x1), infuse magic (-3 HP)
@: flying, very slightly contaminated, slowed, very slow
A: sickness immunity, fire resistance 2, cold vulnerability 1, float, innate
caster, HP casting, extra vitality 1
a: Renounce Religion, Evoke Invisibility, Purification, Heal Other, Heal Self


You were on level 11 of the Dungeon.
You worshipped Elyvilon.
Elyvilon was most pleased with you.
You visited 2 branches of the dungeon, and saw 12 of its levels.

You collected 563 gold pieces.
You spent 516 gold pieces at shops.

Inventory:

Armour
 a - a +0 robe
 u - the +4 tower shield of Elyvilon's Scorn (worn) {Rampage rC+ Will+}
   (You found it on level 4 of the Dungeon)

   rC+:       It protects you from cold.
   Will+:     It increases your willpower.
   Rampage:   It bestows one free step when moving towards enemies.
 B - a +1 leather armour of cold resistance
 G - the +1 ring mail "Feuggu Omosm" (worn) {rElec rPois}
   (You bought it in a shop on level 7 of the Dungeon)

   rElec:     It insulates you from electricity.
   rPois:     It protects you from poison
 H - a scarf of invisibility (worn)
Magical Staves
 n - a staff of cold
Jewellery
 k - a ring of wizardry (left hand)
 J - a ring of positive energy
Wands
 j - a wand of iceblast (18)
 l - a wand of mindburst (17)
 m - a wand of flame (15)
 y - a wand of charming (16)
 D - a wand of digging (8)
Scrolls
 c - 3 scrolls of enchant armour {unknown}
 d - 3 scrolls of fear {unknown}
 f - a scroll of vulnerability
 h - 2 scrolls of summoning
 i - 4 scrolls of immolation
 o - 7 scrolls of teleportation
 p - 2 scrolls of amnesia
 q - 3 scrolls of poison {unknown}
 r - a scroll of enchant weapon
 t - a scroll of fog
 w - 2 scrolls of identify
 A - a scroll of noise {unknown}
 I - a scroll of silence {unknown}
Potions
 b - 3 potions of enlightenment {unknown}
 e - 3 potions of cancellation
 g - 5 potions of lignification {unknown}
 s - 3 potions of curing
 v - a potion of might
 x - a potion of heal wounds
 z - a potion of attraction {unknown}
 C - a potion of invisibility {unknown}
 E - 2 potions of mutation {unknown}
 F - 2 potions of brilliance {unknown}


   Skills:
 - Level 8.9 Fighting
 + Level 2.5 Armour
 - Level 4.7 Dodging
 - Level 3.0 Stealth
 + Level 11.6 Shields
 - Level 7.9 Spellcasting
 - Level 7.9 Conjurations
 - Level 7.9 Hexes
 - Level 7.9 Summonings
 - Level 7.9 Necromancy
 - Level 7.9 Translocations
 - Level 7.9 Fire Magic
 - Level 7.9 Ice Magic
 - Level 7.9 Air Magic
 - Level 7.9 Earth Magic
 - Level 7.9 Alchemy
 - Level 2.2 Invocations


You knew the following spells:

 Your Spells              Type           Power      Damage    Failure   Level
a - Magic Dart            Conj           100%       1d8       8%          1
b - Searing Ray           Conj           94%        2d7       12%         2
c - Fulminant Prism       Conj/Alch      23%        3d12      56%         4
d - Iskenderun's Mystic   Conj/Tloc      47%        2d10      56%         4
e - Slow                  Hex            100%       N/A       8%          1
f - Static Discharge      Conj/Air       94%        3-7/arc   12%         2
g - Jinxbite              Hex            94%        N/A       12%         2
h - Fugue of the Fallen   Necr           47%        N/A       22%         3
i - Summon Forest         Summ/Tloc      23%        N/A       88%         5
Your spell library was empty.

Dungeon Overview and Level Annotations

Branches:
Dungeon (11/15)            Temple (1/1) D:5             Orc (0/2) D:11
   Lair: D:8-11

Altars:
Ashenzari
Cheibriados
Dithmenos
Elyvilon
Fedhas
Gozag
Hepliaklqana
Makhleb
Nemelex Xobeh
Okawaru
Qazlal
Ru
Trog
Uskayaw
Wu Jian
Xom
Yredelemnul
Zin
The Shining One

Shops:
D:3 *   D:7 [*

Annotations:
D:5 3 runed translucent doors, Crazy Yiuf; beatlcricket's ghost, novice MiHu
D:9 2 transporters, december12's ghost, novice BaAr


Innate Abilities, Weirdness & Mutations

You are immune to sickness and miasma.
You are immune to poison.
Your flesh is very heat resistant. (rF++)
You are vulnerable to cold. (rC-)
You float through the air rather than walking.
You learn spells naturally, not from books.
Your magical power is your life essence.
You have superior vitality. (+4 MHP)


Message History

You block the wraith's attack. x2
The searing ray misses the wraith.
The searing ray hits the troll.
The troll is severely wounded.
You block the wraith's attack.
The searing ray hits the wraith.
You destroy the wraith!
The searing ray misses the troll.
The troll bites you but does no damage. The troll claws you but does no damage.
You block the troll's attack.
Your magical contamination has completely faded away.
The searing ray hits the troll!
The troll is almost dead.
You finish channelling your searing ray.
You block the troll's attack. x2; The troll closely misses you.
Casting: Searing Ray (safe; 12% risk of failure)
Confirm with . or Enter, or press ? or * to list all spells.
Aiming: Searing Ray (safe; 12% risk of failure)
Press: ? - help, Shift-Dir - straight line, f - troll
Aim: a troll (almost dead, 82% to hit)
You miscast Searing Ray.
You are very lightly contaminated with residual magic.
Nothing appears to happen.
The troll bites you! You block the troll's attack. The troll claws you.
* * * LOW HITPOINT WARNING * * *
You block the troll's attack. x3
The troll bites you but does no damage. The troll claws you!
* * * LOW HITPOINT WARNING * * *
You block the troll's attack.
Casting: Searing Ray (safe; 12% risk of failure)
Confirm with . or Enter, or press ? or * to list all spells.
Aiming: Searing Ray (safe; 12% risk of failure)
Press: ? - help, Shift-Dir - straight line, f/p - troll
Aim: a troll (almost dead, 82% to hit)
The searing ray hits the troll.
The troll is almost dead. (Press . to maintain the ray.)
* * * LOW HITPOINT WARNING * * *
You block the troll's attack. The troll claws you!
* * * LOW HITPOINT WARNING * * *
You block the troll's attack. x3; The troll claws you.
You die...

#. # # .# #.. .#. ..#
..##.##.. ..#.#.. .....
...
################T#####.#
................@......#
########################


You could see a troll.

Vanquished Creatures
  2 two-headed ogres
  A cyclops (D:7)
  2 hornets
  4 yaks (D:9)
  2 wraiths
  A wyvern (D:10)
  A steam dragon (D:9)
  Menkaure (D:5)
  3 orc warriors
  A sky beast (D:8)
  An ice beast (D:5)
  A black bear (D:6)
  2 ogres
  A centaur (D:11)
  3 phantoms
  4 bullfrogs
  2 gnoll sergeants
  A scorpion (D:4)
  10 wights
  3 killer bees (D:7)
  2 howler monkeys
  2 bombardier beetles
  2 hounds
  2 orc priests
  4 iguanas
  Terence (D:3)
  A sleepcap (D:4)
  Jessica (D:3)
  8 orc wizards
  13 gnolls
  2 adders (D:3)
  A white imp (D:8)
  2 ribbon worms (D:5)
  2 dart slugs
  24 orcs
  7 ball pythons
  4 endoplasms
  2 giant cockroaches (D:3)
  8 goblins
  5 hobgoblins
  7 kobolds
  3 quokkas
  5 bats
  A frilled lizard (D:3)
  6 rats
161 creatures vanquished.

Vanquished Creatures (others)
  10 fulminant prisms
10 creatures vanquished.

Grand Total: 171 creatures vanquished

Notes
Turn   | Place    | Note
-------+----------+-------------------------------------------
     0 | D:1      | blake the Djinni Conjurer began the quest for the Orb.
     0 | D:1      | blake set off with the following spells memorised: Magic
                  | Dart, Searing Ray, Fulminant Prism, Iskenderun's Mystic
                  | Blast.
     0 | D:1      | Reached XP level 1. HP: 15/15 MP: 0/0
    93 | D:1      | Reached XP level 2. HP: 18/21 MP: 0/0
   817 | D:2      | Reached XP level 3. HP: 21/25 MP: 0/0
   817 | D:2      | Learned a level 1 spell: Slow
  1260 | D:2      | Found a faded altar of an unknown god.
  1482 | D:3      | Reached XP level 4. HP: 28/31 MP: 0/0
  1489 | D:3      | Noticed an ogre
  1498 | D:3      | Killed an ogre
  1499 | D:3      | Reached XP level 5. HP: 30/35 MP: 0/0
  1499 | D:3      | Learned a level 2 spell: Static Discharge
  1574 | D:3      | Noticed Terence
  1583 | D:3      | Killed Terence
  1587 | D:3      | Reached skill level 1 in Fighting
  1587 | D:3      | Reached XP level 6. HP: 22/42 MP: 0/0
  1721 | D:3      | Found Ycaekk's Assorted Antiques.
  1738 | D:3      | Bought a scroll labelled TISKYR FIWNY for 25 gold pieces
  1738 | D:3      | Bought a scroll labelled BAVERI UTZIERU for 25 gold pieces
  1738 | D:3      | Bought a scroll labelled XIAHUT MAOTZUOFF for 25 gold
                  | pieces
  1751 | D:3      | Noticed Jessica
  1758 | D:3      | Killed Jessica
  2414 | D:4      | Reached XP level 7. HP: 43/49 MP: 0/0
  2414 | D:4      | Learned a level 2 spell: Jinxbite
  2487 | D:4      | Identified the +4 tower shield of Elyvilon's Scorn {Rampage
                  | rC+ Will+}
  2564 | D:4      | Reached skill level 1 in Shields
  2677 | D:4      | Found a sacrificial altar of Ru.
  2937 | D:5      | Entered Level 5 of the Dungeon
  3037 | D:5      | Found a runed translucent door.
  3038 | D:5      | Noticed Crazy Yiuf
  3108 | D:5      | Reached skill level 5 in Spellcasting
  3108 | D:5      | Reached skill level 5 in Conjurations
  3108 | D:5      | Reached skill level 5 in Hexes
  3108 | D:5      | Reached skill level 5 in Summonings
  3108 | D:5      | Reached skill level 5 in Necromancy
  3108 | D:5      | Reached skill level 5 in Translocations
  3108 | D:5      | Reached skill level 5 in Fire Magic
  3108 | D:5      | Reached skill level 5 in Ice Magic
  3108 | D:5      | Reached skill level 5 in Air Magic
  3108 | D:5      | Reached skill level 5 in Earth Magic
  3108 | D:5      | Reached skill level 5 in Alchemy
  3157 | D:5      | You are sucked into a shaft and drop 2 floors!
  3162 | D:7      | Identified the +3 spear "Favu" {venom, *Slow rPois Str+2
                  | Dex+3}
  3455 | D:6      | Reached skill level 2 in Shields
  3491 | D:6      | Identified the +4 whip "Plojy" {drain, rN+ Str+3 Int+2}
  3618 | D:6      | Reached XP level 8. HP: 52/58 MP: 0/0
  3648 | D:5      | Noticed Menkaure
  3806 | D:5      | Killed Menkaure
  3807 | D:5      | Reached skill level 3 in Shields
  3909 | D:5      | Found a large runed translucent door.
  3909 | D:5      | Found a large runed translucent door.
  3914 | D:5      | Noticed beatlcricket's ghost (novice MiHu)
  4138 | D:5      | Found a staircase to the Ecumenical Temple.
  4155 | Temple   | Entered the Ecumenical Temple
  4227 | Temple   | Became a worshipper of Elyvilon the Healer
  4452 | D:5      | Reached skill level 4 in Shields
  4769 | D:7      | Reached skill level 5 in Fighting
  4769 | D:7      | Reached XP level 9. HP: 62/65 MP: 0/0
  4769 | D:7      | Learned a level 3 spell: Fugue of the Fallen
  4790 | D:7      | Reached skill level 5 in Shields
  5037 | D:7      | Noticed a cyclops
  5049 | D:7      | Killed a cyclops
  5050 | D:7      | Reached skill level 6 in Shields
  5207 | D:7      | Found a shimmering altar of Xom.
  5208 | D:7      | Found a blossoming altar of Fedhas.
  5233 | D:7      | Found a hide-covered altar of Uskayaw.
  5286 | D:7      | Found Alenwax's Assorted Antiques.
  5294 | D:7      | Bought a fizzy brown potion for 19 gold pieces
  5294 | D:7      | Bought a fuming green potion for 19 gold pieces
  5294 | D:7      | Bought a blackened brass wand for 88 gold pieces
  5294 | D:7      | Bought a murky red potion for 19 gold pieces
  5294 | D:7      | Bought a scroll labelled TISKYR FIWNY for 22 gold pieces
  5294 | D:7      | Bought a scroll labelled JUINOD XOEM for 22 gold pieces
  5296 | D:7      | Reached skill level 10 in Shields
  5296 | D:7      | Reached XP level 10. HP: 76/76 MP: 0/0
  5367 | D:7      | Reached * piety under Elyvilon
  5438 | D:7      | Found Sunor's Antique Armour Boutique.
  5766 | D:8      | Identified the +2 pair of boots of the Sky {Int-5 Dex+4}
  6060 | D:8      | Reached ** piety under Elyvilon
  6859 | D:9      | Reached XP level 11. HP: 40/82 MP: 0/0
  6859 | D:9      | Learned a level 5 spell: Summon Forest
  7121 | D:9      | Reached skill level 1 in Invocations
  7211 | D:9      | Found a transporter.
  7250 | D:9      | Reached skill level 11 in Shields
  7478 | D:9      | Noticed december12's ghost (novice BaAr)
  7485 | D:9      | Found a transporter.
  7499 | D:9      | Reached *** piety under Elyvilon
  7601 | D:9      | Noticed a two-headed ogre
  7611 | D:9      | Killed a two-headed ogre
  7785 | D:7      | Bought an encrusted ring mail for 252 gold pieces
  7785 | D:7      | Identified the +1 ring mail "Feuggu Omosm" {rElec rPois}
                  | (You bought it in a shop on level 7 of the Dungeon)
  7823 | D:10     | Entered Level 10 of the Dungeon
  8934 | D:11     | Found a staircase to the Orcish Mines.
  8941 | D:11     | Noticed a boulder beetle
  8943 | D:11     | Reached skill level 1 in Armour
  8999 | D:11     | Noticed a two-headed ogre
  9015 | D:11     | Killed a two-headed ogre
  9032 | D:11     | Noticed a boulder beetle
  9209 | D:11     | HP: 3/82 [troll (12)]
  9209 | D:11     | Slain by a troll

Illustrated notes

Levels and vault maps discovered:
D:1:      scummos_arrival_checkerplants, layout_basic, minmay_tetromino_l4
D:2:      layout_loops_cross, basic_altar, hellmonk_ecumenical_altar_run_dry
D:3:      layout_rooms, serial_shops, shop, ebering_dispersal_statue_hall,
          nicolae_elevator_lobby_asterisk, uniq_terence, uniq_jessica
D:4:      layout_basic, mainiacjoe_overflow_alcove_2, nicolae_tricolors
D:5:      layout_rooms, minmay_temple_entry_drinking_statues,
          ebering_ghost_disaster_area, kennysheep_generic_room_5, uniq_menkaure,
          uniq_crazy_yiuf_cottage
D:6:      layout_basic
D:7:      layout_rooms, nicolae_overflow_macrodata_refinement, serial_shops,
          shop, shop, enter_bailey_8
D:8:      layout_cave_pods, chequers_serial_rivers_room_a, chequers_jeans
D:9:      layout_gridville, gammafunk_ghost_stat_death
D:10:     layout_rooms
D:11:     minmay_the_grid_3x3 [minmay_the_grid_plusring,
          minmay_the_grid_gridbox, minmay_the_grid_aliased_spiral,
          minmay_the_grid_spin_star, minmay_the_grid_outer_diamond,
          minmay_the_grid_fan, minmay_the_grid_small_cups,
          minmay_the_grid_tiny_cups, minmay_the_grid_prize_diamond_cup],
          layout_basic, lair_entry_dummy, orc_0_dummy,
          nicolae_trove_entry_free_sample
Temple:   minmay_crystal_spiral_temple

Skill      XL: |  1  2  3  4  5  6  7  8  9 10 11 |
---------------+----------------------------------+-----
Stealth        | 2 3 |  3.0
Dodging        | 3 4 |  4.7
Spellcasting   | 4 5 7 |  7.9
Conjurations   | 4 5 7 |  7.9
Hexes          | 4 5 7 |  7.9
Summonings     | 4 5 7 |  7.9
Necromancy     | 4 5 7 |  7.9
Translocations | 4 5 7 |  7.9
Fire Magic     | 4 5 7 |  7.9
Ice Magic      | 4 5 7 |  7.9
Air Magic      | 4 5 7 |  7.9
Earth Magic    | 4 5 7 |  7.9
Alchemy        | 4 5 7 |  7.9
Fighting       | 1 2 3 5 8 |  8.9
Shields        | 2 4 10 11 | 11.6
Invocations    | 2 |  2.2
Armour         | 2 |  2.5

Action                     |  1- 3 |  4- 6 |  7- 9 | 10-12 || total
---------------------------+-------+-------+-------+-------++-------
  Melee: Unarmed           |       |       |       |     1 ||     1
   Cast: Magic Dart        |    64 |    52 |    81 |    93 ||   290
         Searing Ray       |     2 |     8 |    22 |    47 ||    79
         Fulminant Prism   |       |       |     5 |     5 ||    10
         Iskenderun's Myst |       |       |     2 |     1 ||     3
         Static Discharge  |       |       |       |     2 ||     2
 Invoke: Heal Self         |       |       |       |     1 ||     1
  Evoke: Wand              |       |       |       |     3 ||     3
    Use: Scroll            |       |       |    11 |     2 ||    13
         Potion            |       |       |     2 |       ||     2
 Armour: Robe              |     3 |     8 |    23 |    10 ||    44
         Ring mail         |       |       |       |    56 ||    56
  Dodge: Dodged            |     4 |     9 |    37 |    13 ||    63
  Block: Tower shield      |       |       |       |   110 ||   110

Table legend: (Time is in decaauts)
 A = Elapsed time spent in this place.
 B = Non-inter-level travel time spent in this place.
 C = Inter-level travel time spent in this place.
 D = Time resting spent in this place.
 E = Time spent auto-exploring this place.
 F = Levels seen in this place.
 G = Mean time per level.
                   A        B        C        D        E       F      G
               +--------+--------+--------+--------+--------+-----+--------+
         Total |   9217 |   8618 |    599 |    161 |   7402 |  12 |  768.1 |
       Dungeon |   9073 |   8615 |    458 |    161 |   7402 |  11 |  824.8 |
        Temple |    143 |      2 |    141 |      0 |      0 |   1 |  143.0 |
               +--------+--------+--------+--------+--------+-----+--------+

Top non-repeatable levels by time:
     D:9: 1219 daAuts
     D:8: 1172 daAuts
     D:4: 963 daAuts
    D:10: 889 daAuts
     D:5: 866 daAuts
     D:6: 831 daAuts
     D:1: 791 daAuts
     D:7: 768 daAuts
     D:3: 663 daAuts
     D:2: 630 daAuts
    D:11: 277 daAuts
  Temple: 143 daAuts
